 Dungeon Crawl Stone Soup version 0.31-a0-121-g1e386dd289 (webtiles) character file.

Game seed: 14196467386071664878

1540 senseless the Ducker (level 8, -7/61 HPs)
             Began as a Merfolk Transmuter on May 31, 2023.
             Was a Believer of Uskayaw.
             Mangled by Maggie
             ... wielding a +0 scimitar
              (10 damage)
             ... on level 6 of the Dungeon.
             The game lasted 00:17:33 (5057 turns).

senseless the Ducker (Merfolk Transmuter)           Turns: 5057, Time: 00:17:33

Health: -7/61      AC:  7    Str: 16    XL:     8   Next: 86%
Magic:  12/14      EV: 15    Int: 16    God:    Uskayaw [**....]
Gold:   332        SH:  0    Dex: 18    Spells: 8/15 levels left

rFire   . . .        r - +9 hand axe "Unnyihull" {flame, rF- Int+2 Dex+3}
rCold   . . .        (no shield)
rNeg    . . .        l - +1 leather armour {rF+}
rPois   .            (helmet currently unavailable)
rElec   .            e - +2 cloak
rCorr   .            (no gloves)
SInv    .            (boots currently unavailable)
Will    .....        (no amulet)
Stlth   +            h - +4 ring of protection
HPRegen 0.30/turn    k - +6 ring of strength
MPRegen 0.14/turn

%: no passive effects
@: appendages, wereblooded, corroded, mesmerised
A: horns 2, (nimble swimmer 2), mertail
a: End Transformation, Renounce Religion, Stomp, Line Pass


You were on level 6 of the Dungeon.
You worshipped Uskayaw.
Uskayaw was noncommittal.
You had temporarily grown beastly horns.
You visited 2 branches of the dungeon, and saw 7 of its levels.

You collected 332 gold pieces.

Inventory:

Hand Weapons
 f - a +1 short sword
 o - a +3 spear of freezing
 r - the +9 hand axe "Unnyihull" (weapon) {flame, rF- Int+2 Dex+3}
   (You found it on level 4 of the Dungeon)

   Int:       It affects your intelligence (+2).
   Dex:       It affects your dexterity (+3).
   rF:        It makes you vulnerable to fire.
Armour
 a - a +0 robe
 e - a +2 cloak (worn)
 l - a +1 leather armour of fire resistance (worn)
 m - a +0 pair of boots
Jewellery
 h - a +4 ring of protection (left hand)
 k - a +6 ring of strength (right hand)
Wands
 v - a wand of flame (19)
Scrolls
 g - a scroll of enchant weapon
 i - a scroll of poison
 p - 2 scrolls of teleportation
 u - a scroll of fog {unknown}
Potions
 b - 4 potions of lignification
 c - a potion of heal wounds
 d - 3 potions of attraction
 j - a potion of brilliance
 n - a potion of haste
 q - a potion of curing {unknown}
 s - a potion of cancellation {unknown}
 t - a potion of resistance {unknown}


   Skills:
 + Level 4.7 Fighting
 + Level 2.1 Axes
 + Level 6.2 Dodging
 + Level 5.7 Unarmed Combat
 + Level 4.2 Spellcasting
 + Level 6.1 Transmutations
 + Level 3.9 Ice Magic


You had 8 spell levels left.
You knew the following spells:

 Your Spells              Type           Power      Damage    Failure   Level
a - Beastly Appendage     Tmut           46%        N/A       1%          1
b - Wereblood             Tmut           23%        N/A       2%          2
c - Ice Form              Ice/Tmut       19%        N/A       26%         4

Your spell library contained the following spells:

 Spells                   Type           Power      Damage    Failure   Level
 Passwall                 Tmut/Erth      10%        N/A       9%          2
 Spider Form              Tmut/Pois      13%        N/A       17%         3
 Apportation              Tloc           6%         N/A       21%         1
 Kiss of Death            Conj/Necr      12%        2d6       21%         1
 Necrotise                Necr           12%        1d4       21%         1
 Sandblast                Erth           6%         2d5       21%         1
 Slow                     Hex            12%        N/A       21%         1
 Summon Small Mammal      Summ           12%        N/A       21%         1
 Blink                    Tloc           6%         N/A       30%         2
 Lesser Beckoning         Tloc           6%         N/A       30%         2
 Momentum Strike          Conj/Tloc      6%         3d8       30%         2
 Confusing Touch          Hex            3%         N/A       52%         3
 Stone Arrow              Conj/Erth      6%         3d7       52%         3
 Vampiric Draining        Necr           3%         2d6       52%         3
 Volatile Blastmotes      Fire/Tloc      6%         2d10      52%         3
 Dispel Undead            Necr           3%         3d7       90%         4
 Fulminant Prism          Conj/Hex       1%         3d5       90%         4
 Iskenderun's Mystic Bla  Conj/Tloc      3%         2d3       90%         4
 Lee's Rapid Deconstruct  Erth           1%         3d4*      99%         5


Dungeon Overview and Level Annotations

Branches:
Dungeon (6/15)             Temple (1/1) D:5

Altars:
Ashenzari
Cheibriados
Hepliaklqana
Qazlal
Sif Muna
Trog
Uskayaw
Wu Jian
Xom
Yredelemnul
Zin
The Shining One
Lugonu

Annotations:
D:6 Maggie


Innate Abilities, Weirdness & Mutations

You have temporarily grown beastly horns.
((You are very nimble when in or above water. (Stealth+, EV+, Speed+++)))
Your lower body shifts to a powerful aquatic tail in water.


Message History

Maggie the Vainglorious comes into view.
She is wielding a +0 scimitar.
Casting: Beastly Appendage (safe; 1% risk of failure)
Confirm with . or Enter, or press ? or * to list all spells.
Your blood is infused with primal strength.
Maggie shouts!
Casting: Wereblood (safe; 2% risk of failure)
Confirm with . or Enter, or press ? or * to list all spells.
You grow a pair of large bovine horns.
A jelly comes into view.
Maggie casts a spell at you.
The bolt of fire hits the orc!
The orc dies!
The bolt of fire hits you!!
Maggie says, "Leave now, and tell all of Margery's mercy!"
Maggie closely misses you.
You barely miss Maggie. Your headbutt misses Maggie. You hit the jelly.
You burn the jelly. The acid corrodes you!
Your hands burn!
The jelly misses you.
Maggie casts a spell.
Maggie attempts to bespell you!
You are mesmerised by Maggie!
You slash the jelly! You burn the jelly.
You feel a bit better.
You kill the jelly!
You hit Maggie but do no damage. Maggie hits you with a +0 scimitar!
You can now pass through a line of other dancers.
You hit Maggie. You burn Maggie.
Maggie is lightly wounded.
Maggie barely misses you.
You slash Maggie! You burn Maggie.
Maggie is lightly wounded.
Maggie closely misses you. Maggie hits you with a +0 scimitar.
You closely miss Maggie.
Maggie is lightly wounded.
Maggie gestures at you while chanting. The bolt of fire hits you!!
* * * LOW HITPOINT WARNING * * *
You hit Maggie. You burn Maggie. You headbutt Maggie.
Maggie is moderately wounded.
Maggie hits you with a +0 scimitar!
You die...

# ..
#.##############..
#.................
####..............
#....@@...........
.......###.........
...#.#####.........
# # ..##..>......
#.##.).......
#.##.........
#.##.........
########.#..........
#........##..#######


You could see Maggie (mesmerising).

Vanquished Creatures
  Grinder (D:3)
  3 ice beasts
  A centaur (D:5)
  2 phantoms
  2 kobold brigands (D:5)
  A gnoll bouda (D:5)
  3 hounds
  A jelly (D:6)
  3 orc priests
  2 sleepcaps
  Natasha (thrice) (D:3)
  2 iguanas
  6 adders
  11 gnolls
  A shadow imp (D:5)
  A white imp (D:6)
  A worm (D:2)
  2 dart slugs (D:3)
  15 orcs
  7 endoplasms
  6 giant cockroaches
  5 goblins
  8 hobgoblins
  2 jackals (D:3)
  3 quokkas
  13 ball pythons
  7 bats
  3 frilled lizards
  13 kobolds
  3 rats
131 creatures vanquished.

Vanquished Creatures (others)
  An orc (D:6)
1 creature vanquished.

Grand Total: 132 creatures vanquished

Notes
Turn   | Place    | Note
-------+----------+-------------------------------------------
     0 | D:1      | senseless the Merfolk Transmuter began the quest for the
                  | Orb.
     0 | D:1      | Reached XP level 1. HP: 15/15 MP: 3/3
   142 | D:1      | Reached XP level 2. HP: 15/21 MP: 3/5
   585 | D:1      | Learned a level 2 spell: Wereblood
   789 | D:2      | Reached XP level 3. HP: 27/27 MP: 2/6
  1190 | D:2      | Reached XP level 4. HP: 31/33 MP: 7/7
  1644 | D:2      | Learned a level 4 spell: Ice Form
  1869 | D:3      | Reached XP level 5. HP: 39/39 MP: 5/8
  2146 | D:3      | Noticed an ice beast
  2171 | D:3      | Killed an ice beast
  2172 | D:3      | Reached skill level 1 in Ice Magic
  2246 | D:3      | Noticed Natasha
  2255 | D:3      | Killed Natasha
  2256 | D:3      | Reached XP level 6. HP: 46/46 MP: 7/10
  2387 | D:3      | Noticed Grinder
  2404 | D:3      | Paralysed by Grinder for 5 turns
  2410 | D:3      | Killed Grinder
  2411 | D:3      | Reached XP level 7. HP: 39/52 MP: 9/11
  2669 | D:3      | Noticed Natasha
  2685 | D:3      | Killed Natasha
  2790 | D:3      | Noticed Natasha
  2797 | D:3      | Killed Natasha
  2798 | D:3      | Reached skill level 5 in Dodging
  3079 | D:3      | Identified a scroll of acquirement
  3079 | D:3      | Acquired a book of Blasting
  3086 | D:4      | Found a bloodstained altar of Trog.
  3169 | D:4      | Identified the +9 hand axe "Unnyihull" {flame, rF- Int+2
                  | Dex+3}
  3189 | D:4      | Reached skill level 5 in Transmutations
  3255 | D:4      | Reached skill level 5 in Unarmed Combat
  3364 | D:4      | Found a broken altar of Ashenzari.
  3651 | D:5      | Entered Level 5 of the Dungeon
  3689 | D:5      | Found a glowing silver altar of Zin.
  3721 | D:5      | Reached XP level 8. HP: 29/60 MP: 13/13
  3723 | D:5      | Reached skill level 1 in Axes
  3902 | D:5      | Found a shimmering blue altar of Sif Muna.
  3981 | D:5      | Found a shimmering altar of Xom.
  4256 | D:5      | Found a staircase to the Ecumenical Temple.
  4265 | Temple   | Entered the Ecumenical Temple
  4779 | D:5      | Found a hide-covered altar of Uskayaw.
  4806 | D:5      | Became a worshipper of Uskayaw the Reveller
  4980 | D:6      | Reached * piety under Uskayaw
  4982 | D:6      | Reached ** piety under Uskayaw
  5046 | D:6      | Noticed Maggie
  5056 | D:6      | HP: 2/61 [Maggie/bolt of fire (30)]
  5057 | D:6      | Mangled by Maggie

Illustrated notes

Levels and vault maps discovered:
D:1:      scummos_arrival_checkerplants, layout_rooms
D:2:      layout_basic
D:3:      layout_loops_corners, uniq_natasha, uniq_grinder
D:4:      layout_rooms, evilmike_ruin_ashenzari, lemuel_round_altar
D:5:      cheibrodos_thug_alley, layout_loops_corners,
          mainiacjoe_overflow_alcove_4, mainiacjoe_overflow_small_starburst,
          general_overflow_altar, amcnicky_altar_gilded,
          minmay_temple_entry_mini_moons
D:6:      layout_basic, kiku_gazebo_pond_becter, marbit_many_paths,
          ebering_ghost_sewer_f, minmay_ogre_servants, uniq_blork_the_orc,
          uniq_sigmund, uniq_maggie
Temple:   corrupted_temple

Skill      XL: |  1  2  3  4  5  6  7  8 |
---------------+-------------------------+-----
Dodging        | 3 4 5 6 |  6.2
Transmutations | 3 4 5 6 |  6.1
Fighting       | 2 3 4 |  4.7
Unarmed Combat | 4 5 |  5.7
Ice Magic      | 1 2 3 |  3.9
Spellcasting   | 3 4 |  4.2
Axes           | 2 |  2.1

Action                     |  1- 3 |  4- 6 |  7- 9 || total
---------------------------+-------+-------+-------++-------
  Melee: Unarmed           |    97 |    81 |    54 ||   232
         Headbutt          |    12 |    17 |    41 ||    70
         Punch             |     3 |     4 |     4 ||    11
         Hand axe          |       |       |   127 ||   127
   Cast: Beastly Appendage |    27 |    17 |    33 ||    77
         Wereblood         |     1 |     3 |    12 ||    16
    Use: Scroll            |       |     7 |     6 ||    13
   Stab: Sleeping          |       |     1 |     1 ||     2
 Armour: Robe              |    29 |     4 |       ||    33
         Leather armour    |       |    19 |    55 ||    74
  Dodge: Dodged            |    72 |    43 |   124 ||   239

Table legend: (Time is in decaauts)
 A = Elapsed time spent in this place.
 B = Non-inter-level travel time spent in this place.
 C = Inter-level travel time spent in this place.
 D = Time resting spent in this place.
 E = Time spent auto-exploring this place.
 F = Levels seen in this place.
 G = Mean time per level.
                   A        B        C        D        E       F      G
               +--------+--------+--------+--------+--------+-----+--------+
         Total |   5062 |   4825 |    237 |    107 |   3783 |   7 |  723.1 |
       Dungeon |   5019 |   4793 |    226 |    107 |   3759 |   6 |  836.5 |
        Temple |     42 |     31 |     11 |      0 |     23 |   1 |   42.0 |
               +--------+--------+--------+--------+--------+-----+--------+

Top non-repeatable levels by time:
     D:3: 1327 daAuts
     D:5: 1284 daAuts
     D:2: 1052 daAuts
     D:1: 689 daAuts
     D:4: 572 daAuts
     D:6: 92 daAuts
  Temple: 42 daAuts
